 Dungeon Crawl Stone Soup version 0.30-a0-715-gdb4ae3ece1 (webtiles) character file.

Game seed: 1996586173223811891

3898 Newt the Sneak (level 10, -1/76 HPs)
             Began as a Demonspawn Gladiator on Jan 24, 2023.
             Was an Initiate of Kikubaaqudgha.
             Slain by a wolf (6 damage)
             ... on level 1 of the Lair of Beasts.
             The game lasted 00:13:00 (9179 turns).

Newt the Sneak (Demonspawn Gladiator)               Turns: 9179, Time: 00:13:01

Health: -1/76      AC: 10    Str: 17    XL:     10   Next: 0%
Magic:  19/19      EV: 14    Int: 16    God:    Kikubaaqudgha [......]
Gold:   555        SH:  5    Dex: 21    Spells: 18/21 levels left

rFire   + + +      SeeInvis .    t - +6 short sword of Paper {pain, rPois rF+++ Dex+3 Stlth-}
rCold   + . .      Faith    .    (no shield)
rNeg    . . .      Spirit   .    B - +1 leather armour {rPois}
rPois   +          Reflect  +    (helmet restricted)
rElec   .          Harm     .    g - +0 cloak
rCorr   .          Rampage  .    j - +2 pair of gloves
Will    .....                    (no boots)
Stlth   ++                       r - amulet of reflection
HPRegen 0.32/turn                n - +6 ring of intelligence
MPRegen 0.16/turn                (no ring)

@: silenced
A: horns 1, icy blue scales 1, demonic magic 2, thin skeletal structure 1, cold
resistance 1
a: Renounce Religion


You were on level 1 of the Lair of Beasts.
You worshipped Kikubaaqudgha.
Kikubaaqudgha was noncommittal.
You visited 3 branches of the dungeon, and saw 11 of its levels.

You collected 555 gold pieces.

Inventory:

Hand Weapons
 a - a +1 rapier of freezing
 q - a +2 dagger of pain
 t - the +6 short sword of Paper (weapon) {pain, rPois rF+++ Dex+3 Stlth-}
   (You found it on level 6 of the Dungeon)

   Dex:       It affects your dexterity (+3).
   rF:        It renders you almost immune to fire.
   rPois:     It protects you from poison.
   Stlth:     It makes you less stealthy.
Missiles
 d - a throwing net (quivered)
 o - 4 javelins
Armour
 b - a +0 leather armour
 c - a +0 helmet
 g - a +0 cloak (worn)
 j - a +2 pair of gloves (worn)
 B - a +1 leather armour of poison resistance (worn)
Jewellery
 n - a +6 ring of intelligence (left hand)
 r - an amulet of reflection (around neck)
 x - a ring of ice
 C - a ring of magical power
Wands
 A - a wand of flame (26)
Scrolls
 f - 2 scrolls of fog
 s - 2 scrolls of enchant weapon
 u - a scroll of magic mapping
 w - a scroll of fear
 z - 3 scrolls of teleportation
Potions
 e - 3 potions of haste
 i - 4 potions of curing
 k - 2 potions of brilliance
 l - a potion of mutation
 m - a potion of might
 p - a potion of lignification {unknown}
 v - a potion of attraction {unknown}


   Skills:
 - Level 6.0 Fighting
 + Level 4.2 Short Blades
 - Level 1.7 Throwing
 - Level 4.0 Dodging
 - Level 6.0 Stealth
 - Level 6.0 Spellcasting
 - Level 6.0 Hexes
 - Level 6.0 Necromancy


You had 18 spell levels left.
You knew the following spells:

 Your Spells              Type           Power      Damage    Failure   Level
a - Tukima's Dance        Hex            24%        N/A       4%          3

Your spell library contained the following spells:

 Spells                   Type           Power      Damage    Failure   Level
 Kiss of Death            Conj/Necr      56%        2d9       4%          1
 Confusing Touch          Hex            24%        N/A       4%          3
 Ensorcelled Hibernation  Hex/Ice        28%        N/A       8%          2
 Portal Projectile        Hex/Tloc       28%        N/A       14%         3
 Summon Guardian Golem    Hex/Summ       14%        N/A       14%         3
 Dispel Undead            Necr           24%        3d12      14%         4
 Passwall                 Tmut/Erth      3%         N/A       26%         2
 Fulminant Prism          Conj/Hex       7%         3d7       43%         4
 Leda's Liquefaction      Hex/Erth       7%         N/A       43%         4
 Kindle Blastsparks       Fire/Tloc/Air  8%         2d10      45%         3
 Swiftness                Air            4%         N/A       45%         3
 Borgnjor's Vile Clutch   Necr/Erth      7%         N/A       80%         5
 Iskenderun's Mystic Bla  Conj/Tloc      4%         2d3       86%         4
 Alistair's Intoxication  Tmut/Pois      2%         N/A       99%         5
 Blade Hands              Tmut           2%         N/A       99%         5
 Lee's Rapid Deconstruct  Erth           2%         3d4*      99%         5
 Eringya's Noxious Bog    Tmut/Pois      2%         N/A       100%        6
 Statue Form              Tmut/Erth      2%         N/A       100%        6
 Orb of Destruction       Conj           2%         9d5       100%        7
 Spellforged Servitor     Conj/Summ      2%         N/A       100%        7


Dungeon Overview and Level Annotations

Branches:
Dungeon (9/15)             Temple (1/1) D:6            Lair (1/5) D:8
    Orc: D:9-12

Altars:
Ashenzari
Cheibriados
Dithmenos
Fedhas
Gozag
Hepliaklqana
Kikubaaqudgha
Makhleb
Nemelex Xobeh
Okawaru
Qazlal
Ru
Sif Muna
Trog
Uskayaw
Vehumet
Wu Jian
Xom
Yredelemnul

Shops:
D:1 *


Innate Abilities, Weirdness & Mutations

You have a pair of small horns on your head.
You are partially covered in icy blue scales. (AC +2)
Spells you cast may paralyse nearby enemies.
You have a somewhat thin skeletal structure. (Dex +2, Stealth+)
Your flesh is cold resistant. (rC+)


Message History

The wolf barely misses you. x2; You block the wolf's attack.
You have reached level 10!
You feel much better. The wolf bites you.
* * * LOW HITPOINT WARNING * * *
The wolf misses you. You block the wolf's attack. The wolf misses you.
The wolf bites you!
* * * LOW HITPOINT WARNING * * *
The wolf attacks as you move away! The wolf barely misses you.
The wolf closely misses you.
You see here a scorpion corpse.
The wolf attacks as you move away! The wolf misses you.
The wolf bites you but does no damage. The wolf barely misses you.
The wolf bites you.
* * * LOW HITPOINT WARNING * * *
The wolf attacks as you move away! The wolf bites you.
* * * LOW HITPOINT WARNING * * *
The wolf bites you but does no damage. The wolf bites you.
* * * LOW HITPOINT WARNING * * *
The wolf attacks as you move away! The wolf barely misses you.
The wolf attacks as you move away! The wolf misses you.
The wolf bites you but does no damage. The wolf attacks as you move away!
The wolf closely misses you. The wolf misses you. The wolf barely misses you.
Magic scrolls do not work when you're silenced!
You feel better.
The wolf bites you but does no damage. x2
You feel better. The wolf bites you but does no damage. The wolf bites you.
* * * LOW HITPOINT WARNING * * *
The wolf bites you!
* * * LOW HITPOINT WARNING * * *
You block the wolf's attack. The wolf barely misses you.
You feel better.
The wolf bites you but does no damage. x2
The wolf bites you.
* * * LOW HITPOINT WARNING * * *
The wolf closely misses you. The wolf bites you!
* * * LOW HITPOINT WARNING * * *
You feel better.
The wolf completely misses you. x2; The wolf bites you.
* * * LOW HITPOINT WARNING * * *
The wolf completely misses you. The wolf barely misses you. The wolf bites you.
You die...
Kikubaaqudgha rasps: "You have failed me!
Welcome... death!"

...........................
........................[..
........................#.P
.........................##
....>.....................#
...........................
...........................
...........#..##...........
..........##.⌠.#@h.........
..........#....h#h.).......
...........⌠.>.⌠...........
..........#.......†........
..........##...##...†......
###.# ##+.##.#.#..##.. ...
...#.......##. #.
.........##.=. #...#.#....
....


You could see 3 wolves.

Vanquished Creatures
  Pikel (D:5)
  A komodo dragon (D:8)
  4 humans
  Menkaure (D:5)
  Duvessa (D:7)
  A sky beast (D:7)
  2 ice beasts
  2 black bears
  2 ogres
  2 wolves (Lair:1)
  3 centaurs
  A phantom (D:7)
  3 bullfrogs
  3 necrophages
  2 scorpions
  Dowan (D:7)
  A howler monkey (D:7)
  2 hounds (D:5)
  3 jellies
  3 orc priests (D:5)
  2 gnoll boudas
  Crazy Yiuf (D:2)
  An iguana (D:5)
  3 orc wizards
  14 gnolls
  5 adders
  An ufetubus (D:7)
  2 worms
  3 dart slugs
  18 orcs
  10 endoplasms
  5 giant cockroaches
  11 goblins
  8 hobgoblins
  3 jackals (D:2)
  9 kobolds
  2 quokkas
  12 ball pythons
  6 bats
  2 frilled lizards
  4 rats
161 creatures vanquished.

Vanquished Creatures (others)
  5 plants (D:8)
5 creatures vanquished.

Grand Total: 166 creatures vanquished

Notes
Turn   | Place    | Note
-------+----------+-------------------------------------------
     0 | D:1      | Newt the Demonspawn Gladiator began the quest for the Orb.
     0 | D:1      | Reached XP level 1. HP: 16/16 MP: 1/1
    31 | D:1      | Found Nastraf's General Store.
    92 | D:1      | Reached skill level 1 in Stealth
   188 | D:1      | Gained mutation: Spells you cast may paralyse adjacent
                  | enemies. [demonic ancestry]
   188 | D:1      | Reached XP level 2. HP: 18/22 MP: 2/2
   829 | D:1      | Reached XP level 3. HP: 28/28 MP: 3/3
  1014 | D:2      | Found a runed translucent door.
  1015 | D:2      | Noticed Crazy Yiuf
  1160 | D:2      | Gained mutation: You have a pair of small horns on your
                  | head. [demonic ancestry]
  1160 | D:2      | Reached XP level 4. HP: 27/37 MP: 4/4
  1322 | D:2      | Found an ornate altar of the Wu Jian Council.
  1475 | D:2      | Found a faded altar of an unknown god.
  1736 | D:2      | Killed Crazy Yiuf
  2007 | D:3      | Reached XP level 5. HP: 38/42 MP: 5/5
  2774 | D:4      | Found a radiant altar of Vehumet.
  2782 | D:4      | Found a bloodstained altar of Trog.
  2863 | D:4      | Reached XP level 6. HP: 39/47 MP: 6/6
  2863 | D:4      | Gained mutation: Your flesh is cold resistant. (rC+)
                  | [potion of mutation]
  2863 | D:4      | Gained mutation: You have a somewhat thin skeletal
                  | structure. (Dex +2, Stealth+) [potion of mutation]
  3391 | D:5      | Entered Level 5 of the Dungeon
  3400 | D:5      | Noticed Menkaure
  3403 | D:5      | Killed Menkaure
  3436 | D:5      | Noticed an ice beast
  3443 | D:5      | Killed an ice beast
  3444 | D:5      | Gained mutation: You are partially covered in icy blue
                  | scales. (AC +2) [demonic ancestry]
  3444 | D:5      | Reached XP level 7. HP: 54/54 MP: 7/7
  3502 | D:5      | Reached skill level 5 in Stealth
  4400 | D:5      | Reached skill level 5 in Fighting
  4595 | D:5      | Reached XP level 8. HP: 21/63 MP: 8/8
  4994 | D:6      | Learned a level 3 spell: Tukima's Dance
  5003 | D:6      | Noticed Pikel
  5045 | D:5      | Killed Pikel
  5170 | D:6      | HP: 3/64 [human/sling bullet (5)]
  6150 | D:5      | Reached skill level 5 in Spellcasting
  6314 | D:6      | Found a staircase to the Ecumenical Temple.
  6441 | Temple   | Entered the Ecumenical Temple
  6743 | Temple   | Became a worshipper of Kikubaaqudgha
  6784 | D:6      | Identified the +6 short sword of Paper {pain, rPois rF+++
                  | Dex+3 Stlth-}
  6836 | D:6      | Gained mutation: Spells you cast may paralyse nearby
                  | enemies. [demonic ancestry]
  6836 | D:6      | Reached XP level 9. HP: 68/69 MP: 18/18
  7285 | D:7      | Noticed Dowan
  7288 | D:7      | Noticed Duvessa
  7303 | D:7      | Killed Duvessa
  7304 | D:7      | Killed Dowan
  7383 | D:7      | Reached skill level 5 in Hexes
  7582 | D:7      | Reached skill level 1 in Necromancy
  8418 | D:8      | Noticed a komodo dragon
  8426 | D:8      | Found a staircase to the Lair.
  8446 | D:8      | Killed a komodo dragon
  8447 | D:8      | Reached skill level 5 in Necromancy
  9098 | Lair:1   | Entered Level 1 of the Lair of Beasts
  9170 | Lair:1   | Reached XP level 10. HP: 4/76 MP: 19/19
  9173 | Lair:1   | HP: 2/76 [wolf (4)]
  9178 | Lair:1   | HP: 2/76 [wolf (9)]
  9179 | Lair:1   | Slain by a wolf

Illustrated notes

Levels and vault maps discovered:
D:1:      mrwooster_arrival_arrow, layout_loops_ring, serial_shops,
          nicolae_shop_statue_plus, wander_ebering_terrifying_dragon_lair
D:2:      layout_loops_ring, hellmonk_ecumenical_altar_crossroads, basic_altar,
          uniq_crazy_yiuf_cottage
D:3:      layout_basic
D:4:      layout_loops_ring, mainiacjoe_overflow_catwalk_spiral,
          lemuel_crystal_altar
D:5:      minmay_spotlight, layout_basic, uniq_menkaure
D:6:      layout_cave_pools, minmay_temple_entry_stoned_glass, minmay_ruffians,
          uniq_pikel
D:7:      layout_gridville, uniq_duvessa
D:8:      minmay_weird_star, layout_loops_ring, david_lair_shrubbed
D:9:      layout_roguey, serial_rivers, chequers_serial_rivers_large_a,
          chequers_serial_rivers_small_3, chequers_serial_rivers_small_a,
          chequers_serial_rivers_small_b
Temple:   compressed_dpeg_triangle_lava_temple
Lair:1:   layout_chaotic_city, grunt_forest_small_clearing_treed,
          grunt_megastairs_1, lemuel_fruit_tree, serial_bayou_shore_b

Skill      XL: |  1  2  3  4  5  6  7  8  9 |
---------------+----------------------------+-----
Stealth        | 1 2 4 6 |  6.0
Fighting       | 3 4 5 6 |  6.0
Short Blades   | 3 4 |  4.2
Dodging        | 3 4 |  4.0
Spellcasting   | 6 |  6.0
Hexes          | 2 6 |  6.0
Necromancy     | 6 |  6.0
Throwing       | |  1.7

Action                     |  1- 3 |  4- 6 |  7- 9 | 10-12 || total
---------------------------+-------+-------+-------+-------++-------
  Melee: Rapier            |   140 |   136 |   209 |       ||   485
         Punch             |     1 |     1 |     8 |       ||    10
         Headbutt          |       |    27 |    67 |       ||    94
         Short sword       |       |       |   169 |       ||   169
  Throw: Throwing net      |       |     3 |     5 |       ||     8
         Javelin           |       |     4 |    13 |       ||    17
   Cast: Tukima's Dance    |       |       |     6 |       ||     6
    Use: Scroll            |     2 |     8 |     7 |       ||    17
         Potion            |       |     2 |     4 |     5 ||    11
   Stab: Sleeping          |     2 |     6 |    10 |       ||    18
         Held in net/web   |       |     1 |     2 |       ||     3
         Fleeing           |       |       |     2 |       ||     2
         Paralysed         |       |       |     8 |       ||     8
 Armour: Leather armour    |    43 |    38 |   141 |     8 ||   230
  Dodge: Dodged            |    74 |    89 |   276 |    17 ||   456
  Block: Other             |       |       |    81 |     2 ||    83
         Reflection        |       |       |     3 |       ||     3

Table legend: (Time is in decaauts)
 A = Elapsed time spent in this place.
 B = Non-inter-level travel time spent in this place.
 C = Inter-level travel time spent in this place.
 D = Time resting spent in this place.
 E = Time spent auto-exploring this place.
 F = Levels seen in this place.
 G = Mean time per level.
                   A        B        C        D        E       F      G
               +--------+--------+--------+--------+--------+-----+--------+
         Total |   9169 |   8788 |    381 |   1849 |   5362 |  11 |  833.5 |
       Dungeon |   8776 |   8427 |    349 |   1849 |   5046 |   9 |  975.1 |
        Temple |    315 |    285 |     30 |      0 |    271 |   1 |  315.0 |
          Lair |     77 |     77 |      0 |      0 |     45 |   1 |   77.0 |
               +--------+--------+--------+--------+--------+-----+--------+

Top non-repeatable levels by time:
     D:5: 2610 daAuts
     D:8: 994 daAuts
     D:7: 976 daAuts
     D:2: 937 daAuts
     D:1: 895 daAuts
     D:4: 881 daAuts
     D:6: 789 daAuts
     D:3: 688 daAuts
  Temple: 315 daAuts
  Lair:1: 77 daAuts
     D:9: 1 daAuts
